 Dungeon Sprint DCSS version 0.27.1-33-g824d729ab1 (webtiles) character file.

Game seed: 1858675873357646804

1259 Hipnos the Basher (level 8, -1/61 HPs)
             Began as a Gargoyle Berserker on Dec 2, 2021.
             Was an Elder of Trog.
             Slain by Sonja (4 damage)
             ... in the Dungeon (Sprint I: "Red Sonja").
             The game lasted 00:01:51 (692 turns).

Hipnos the Basher (Gargoyle Berserker)               Turns: 692, Time: 00:01:54

Health: -1/61      AC: 12    Str: 23    XL:     8   Next: 51%
Magic:  8/8        EV: 11    Int:  8    God:    Trog [****..]
Gold:   429        SH:  0    Dex:  9    Spells: 7/7 levels left

rFire    . . .     SeeInvis .   a - +0 mace
rCold    . . .     Faith    .   (no shield)
rNeg     + . .     Spirit   .   i - +0 ring mail
rPois    ∞         Reflect  .   (no helmet)
rElec    +         Harm     .   (no cloak)
rCorr    .         Rampage  .   (no gloves)
Will     ++...     NoTele   +   (no boots)
Stlth    ..........             (no amulet)
HPRegen  1.20/turn              (no ring)
MPRegen  0.11/turn              (no ring)

@: strong-willed, regenerating
A: sickness immunity, AC +5, negative energy resistance 1, electricity
resistance, torment resistance 1, petrification resistance
a: Renounce Religion, Berserk, Trog's Hand, Brothers in Arms


You were in the Dungeon.
You worshipped Trog.
Trog was greatly pleased with you.
You visited 1 branch You collected 429 gold pieces.

Inventory:

Hand Weapons
 a - a +0 mace (weapon)
Armour
 b - a +0 animal skin
 i - a +0 ring mail (worn)
Jewellery
 j - an amulet of magic regeneration
Scrolls
 h - a scroll of blinking
Potions
 c - a potion of curing
 e - a potion of haste
 f - 2 potions of magic
 g - a potion of berserk rage


   Skills:
 * Level 12.3 Fighting
 * Level 13.0 Maces & Flails
 + Level 6.3 Armour
 + Level 3.4 Dodging


You had 7 spell levels left.
You didn't know any spells.
Your spell library was empty.

Dungeon Overview and Level Annotations

Branches:
Dungeon (1/1)

Altars:
Cheibriados
Dithmenos
Elyvilon
Fedhas
Gozag
Hepliaklqana
Kikubaaqudgha
Makhleb
Nemelex Xobeh
Okawaru
Qazlal
Ru
Sif Muna
Trog
Uskayaw
Vehumet
Wu Jian
Xom
Yredelemnul
Zin
The Shining One
Jiyva
Lugonu

Shops:
D =

Annotations:
D Sonja


Innate Abilities, Weirdness & Mutations

You are immune to sickness and miasma.
Your stone body is resilient. (AC +5)
You are immune to poison.
You resist negative energy. (rN+)
You are resistant to electric shocks. (rElec)
You are resistant to unholy torment.
You are immune to petrification.


Message History

Sonja, the Graceful Assassin comes into view.
She is wielding a +2 short sword of distortion and quivering curare-tipped darts.
Sonja shouts!
Sonja throws a curare-tipped dart.
The curare-tipped dart barely misses you.
Found 108 gold pieces.
You're still recovering from your berserk rage.
Sonja shouts, "Some dancing partner you are!"
There is an open door here.
You hit Sonja.
Sonja is lightly wounded.
Sonja misses you. Sonja completely misses you. Sonja misses you.
You closely miss Sonja.
Sonja is lightly wounded.
Sonja barely misses you. Sonja misses you. Sonja hits you but does no damage.
Space bends around you.
You closely miss Sonja.
Sonja is lightly wounded.
You recover from your berserk rage.
Sonja closely misses you. Sonja hits you but does no damage.
Space warps horribly around you!!
Sonja hits you with a +2 short sword of distortion.
Space bends around you.
Your skin crawls.
You feel strong-willed.
Sonja mumbles some strange words.
Sonja blinks!
Sonja hits you with a +2 short sword of distortion.
Space warps horribly around you!
* * * LOW HITPOINT WARNING * * *
Sonja hits you with a +2 short sword of distortion.
* * * LOW HITPOINT WARNING * * *
Sonja hits you with a +2 short sword of distortion.
* * * LOW HITPOINT WARNING * * *
You feel much better. Sonja hits you but does no damage.
Space warps horribly around you!
* * * LOW HITPOINT WARNING * * *
Sonja hits you with a +2 short sword of distortion.
* * * LOW HITPOINT WARNING * * *
Space bends around you.
You die...

#<.#..)..#..'..#__#..')..#
#..)..#..').#..'..'..#)..#
#..#####'#####'#__####...+
#..####..#...#.#### #####
#..#__####..##.#
#..#_____##'#_.+
#⌠⌠#_.∩...'..._#
####_..__##K.#'#
#_____###@#.# #######
#§### $.$ #$.$# ##.## #+#


You could see Sonja.

Vanquished Creatures
  2 kobold demonologists (D)
  A slime creature (D)
  A yak (D)
  Sigmund (D)
  A floating eye (D)
  An ogre (D)
  A jelly (D)
  Ijyb (D)
9 creatures vanquished.

Notes
Turn   | Place    | Note
-------+----------+-------------------------------------------
     0 | D        | Hipnos the Gargoyle Berserker began the quest for the Orb.
     0 | D        | Reached XP level 1. HP: 14/14 MP: 1/1
     1 | D        | Noticed Ijyb
     5 | D        | Killed Ijyb
     6 | D        | Reached skill level 5 in Fighting
     6 | D        | Reached skill level 5 in Maces & Flails
     6 | D        | Reached XP level 2. HP: 21/21 MP: 2/2
     6 | D        | Reached XP level 3. HP: 26/26 MP: 3/3
    59 | D        | Noticed an ogre
    64 | D        | Killed an ogre
    65 | D        | Reached skill level 7 in Maces & Flails
    65 | D        | Reached XP level 4. HP: 14/34 MP: 4/4
   277 | D        | Noticed Sigmund
   289 | D        | Killed Sigmund
   289 | D        | Reached ** piety under Trog
   290 | D        | Reached skill level 9 in Maces & Flails
   290 | D        | Reached XP level 5. HP: 39/41 MP: 5/5
   290 | D        | Reached XP level 6. HP: 44/46 MP: 6/6
   395 | D        | Found an ornate altar of the Wu Jian Council.
   395 | D        | Found a shimmering blue altar of Sif Muna.
   397 | D        | Found a radiant altar of Vehumet.
   451 | D        | Found Qyliceakh's Jewellery Emporium.
   451 | D        | Found an ancient bone altar of Kikubaaqudgha.
   451 | D        | Found a hazy altar of Hepliaklqana.
   451 | D        | Found a stormy altar of Qazlal.
   451 | D        | Found a hide-covered altar of Uskayaw.
   451 | D        | Found a blossoming altar of Fedhas.
   451 | D        | Found a bloodstained altar of Trog.
   451 | D        | Found an iron altar of Okawaru.
   451 | D        | Found a basalt altar of Yredelemnul.
   451 | D        | Found a glowing golden altar of the Shining One.
   451 | D        | Found a snail-covered altar of Cheibriados.
   451 | D        | Found a sacrificial altar of Ru.
   451 | D        | Found a glowing silver altar of Zin.
   451 | D        | Found a shadowy altar of Dithmenos.
   451 | D        | Found a white marble altar of Elyvilon.
   451 | D        | Noticed a yak
   460 | D        | Killed a yak
   461 | D        | Reached skill level 10 in Fighting
   461 | D        | Reached skill level 10 in Maces & Flails
   461 | D        | Reached XP level 7. HP: 34/53 MP: 7/7
   461 | D        | Found an opulent altar of Gozag.
   462 | D        | Found a sparkling altar of Nemelex Xobeh.
   572 | D        | Found a burning altar of Makhleb.
   572 | D        | Found a viscous altar of Jiyva.
   572 | D        | Found a shimmering altar of Xom.
   572 | D        | Found a corrupted altar of Lugonu.
   572 | D        | Noticed a slime creature
   579 | D        | Killed a slime creature
   579 | D        | Reached *** piety under Trog
   580 | D        | Reached skill level 11 in Maces & Flails
   580 | D        | Reached skill level 5 in Armour
   629 | D        | Noticed a kobold demonologist
   629 | D        | Noticed a kobold demonologist
   635 | D        | Noticed a chaos spawn
   637 | D        | Noticed a chaos spawn
   638 | D        | Killed a kobold demonologist
   639 | D        | Reached skill level 12 in Maces & Flails
   639 | D        | Reached XP level 8. HP: 60/60 MP: 8/8
   648 | D        | Killed a kobold demonologist
   648 | D        | Reached **** piety under Trog
   649 | D        | Reached skill level 13 in Maces & Flails
   686 | D        | Noticed Sonja
   691 | D        | HP: 3/61 [Sonja (4)]
   692 | D        | Slain by Sonja

Illustrated notes

Levels and vault maps discovered:
D:        dungeon_sprint_1 [red_sonja_temple_1, red_sonja_temple_small_1]

Skill      XL: |  1  2  3  4  5  6  7  8 |
---------------+-------------------------+-----
Fighting       | 5 7 9 10 11 12 | 12.3
Maces & Flails | 5 7 9 10 12 13 | 13.0
Armour         | 3 4 6 |  6.3
Dodging        | 2 3 |  3.4

Action                   |  1- 3 |  4- 6 |  7- 9 || total
-------------------------+-------+-------+-------++-------
Melee: Mace              |     7 |    21 |    26 ||    54
Invok: Berserk           |     2 |     2 |     2 ||     6
       Trog's Hand       |       |       |     2 ||     2
  Use: Potion            |       |       |     1 ||     1
Armor: Ring mail         |       |     4 |     6 ||    10
Dodge: Dodged            |     1 |     3 |    13 ||    17
